 Dungeon Crawl Stone Soup version 0.16.2-14-g7133f4a77c (webtiles) character file.

238 faibistes the Magician (level 5, -5/28 HPs)
             Began as a Deep Elf Wizard on June 22, 2022.
             Slain by WLBjork's ghost (18 damage)
             ... on level 4 of the Dungeon.
             The game lasted 00:12:04 (3873 turns).

faibistes the Magician (Deep Elf Wizard)            Turns: 3873, Time: 00:12:04

Health: -5/28      AC:  3    Str:  4    XL:     5   Next: 78%
Magic:  10/21      EV: 13    Int: 24    God:
Gold:   141        SH:  0    Dex: 13    Spells: 6 memorised, 4 levels left

rFire  . . .     SeeInvis .     n - +0 dagger
rCold  . . .     Clarity  .     a - +0 robe
rNeg   . . .     SustAb   .     (no shield)
rPois  .         Gourm    .     b - +0 hat
rElec  .         Spirit   .     (no cloak)
rCorr  .         Warding  .     (no gloves)
rMut   .         Stasis   .     t - +0 pair of boots
MR     .....                    (no amulet)
Stlth  ++........               (no ring)
                                j - +2 ring of slaying

@: very slightly contaminated, repel missiles, not resistant to hostile
enchantments, unstealthy
A: no striking features
a: no special abilities


You were on level 4 of the Dungeon.
You were not hungry.

You visited 1 branch of the dungeon, and saw 4 of its levels.

You collected 141 gold pieces.

Inventory:

Hand weapons
 n - a +0 dagger (weapon)
Armour
 a - a +0 robe (worn)
 b - a +0 hat (worn)
 t - a +0 pair of boots (worn)
Jewellery
 j - a +2 ring of slaying (left hand)
 s - an uncursed ring of wizardry {unknown}
Magical devices
 g - a wand of draining (6)
Scrolls
 h - a scroll of amnesia {unknown}
 i - 2 scrolls of remove curse {unknown}
 l - a scroll of recharging {unknown}
 r - 2 scrolls of teleportation {unknown}
 w - a scroll of random uselessness {unknown}
Potions
 e - a potion of agility {unknown}
 m - 3 potions of mutation {unknown}
 p - 2 potions of curing {unknown}
 q - a potion of poison {unknown}
 u - a potion of might {unknown}
 v - 2 potions of haste {unknown}
 z - 2 potions of degeneration {unknown}
Books
 c - a book of Minor Magic

   Spells                             Type                      Level
   a - Magic Dart                     Conjuration                  1
   b - Blink                          Translocation                2
   c - Call Imp                       Summoning                    2
   d - Repel Missiles                 Charms/Air                   2
   e - Slow                           Hexes                        2
   f - Conjure Flame                  Conjuration/Fire             3
   g - Mephitic Cloud                 Conjuration/Poison/Air       3
Comestibles
 d - a bread ration
 f - 3 meat rations
 k - a beef jerky
 o - a slice of pizza
 x - a chunk of flesh


   Skills:
 + Level 3.9 Dodging
 - Level 2.4 Stealth
 * Level 6.6 Spellcasting
 - Level 3.9 Conjurations
 - Level 1.1 Summonings
 - Level 1.1 Translocations
 + Level 0.2 Evocations


You had 4 spell levels left.
You knew the following spells:

 Your Spells              Type           Power        Failure   Level  Hunger
a - Magic Dart            Conj           ####         1%          1    None
b - Conjure Flame         Conj/Fire      ###.....     12%         3    None
c - Call Imp              Summ           ##......     10%         2    None
d - Blink                 Tloc           N/A          10%         2    None
e - Mephitic Cloud        Conj/Pois/Air  ##......     17%         3    None
f - Repel Missiles        Chrm/Air       #.....       12%         2    None


Dungeon Overview and Level Annotations

Branches:
Dungeon (4/15)
 Temple: D:4-7

Altars:
Dithmenos
Trog

Annotations:
D:4 WLBjork's ghost, average TrBe


Message History

Confirm with . or Enter, or press ? or * to list all spells.
Aiming: Magic Dart
Press: ? - help, Shift-Dir - straight line, f - WLBjork's ghost
Aim: WLBjork's ghost (flame, lightly damaged)
The magic dart hits WLBjork's ghost.
WLBjork's ghost is lightly damaged.
WLBjork's ghost is engulfed in roaring flames.
WLBjork's ghost hits you!
Ouch! That really hurt!
Casting: Magic Dart
Confirm with . or Enter, or press ? or * to list all spells.
Aiming: Magic Dart
Press: ? - help, Shift-Dir - straight line, f/p - WLBjork's ghost
Aim: WLBjork's ghost (flame, moderately damaged)
The magic dart hits WLBjork's ghost.
WLBjork's ghost is moderately damaged.
WLBjork's ghost is engulfed in roaring flames.
WLBjork's ghost hits you!!
Ouch! That really hurt!
You die...

# ####.# # #.
#....#.#
#.##.##...#
#..)....#
#..[....##
##.#[##...#
#.#.<#.# #
#.##.#.###..###
#..@W§........#
##.#.##.......#
##.#.# .......
#...<# .......
#..####...####
#.........#
#.######..# #.#
..# #.#


You could see WLBjork's ghost.

Vanquished Creatures
  An orc warrior (D:4)
  A worker ant (D:3)
  4 adders
  2 worms
  The ghost of Sapher the Digger, a weakling DEEE (D:3)
  A giant gecko (D:1)
  2 oozes (D:3)
  5 orcs
  2 giant cockroaches (D:1)
  11 hobgoblins
  3 kobolds
  A quokka (D:2)
  A ball python (D:1)
  8 bats
  4 giant newts
  8 goblins
  14 rats
69 creatures vanquished.

Notes
Turn   | Place    | Note
--------------------------------------------------------------
     0 | D:1      | faibistes, the Deep Elf Wizard, began the quest for the Orb.
     0 | D:1      | Reached XP level 1. HP: 10/10 MP: 6/6
    54 | D:2      | Found a shadowy altar of Dithmenos.
   319 | D:1      | Reached XP level 2. HP: 15/15 MP: 7/10
   358 | D:1      | Learned a level 2 spell: Blink
   361 | D:1      | Learned a level 2 spell: Call Imp
   907 | D:1      | Reached skill level 5 in Spellcasting
  1236 | D:2      | Reached XP level 3. HP: 19/19 MP: 8/14
  1241 | D:2      | Learned a level 3 spell: Conjure Flame
  1245 | D:2      | Learned a level 3 spell: Mephitic Cloud
  1517 | D:2      | Noticed a moth of wrath
  1520 | D:2      | Found a bloodstained altar of Trog.
  2173 | D:2      | Reached XP level 4. HP: 24/24 MP: 7/17
  2177 | D:2      | Learned a level 2 spell: Repel Missiles
  2517 | D:4      | Noticed WLBjork's ghost (average TrBe)
  3084 | D:3      | Noticed a worker ant
  3092 | D:3      | Killed a worker ant
  3249 | D:3      | Reached skill level 6 in Spellcasting
  3358 | D:3      | Noticed Sapher's ghost (weakling DEEE)
  3368 | D:3      | Killed Sapher's ghost
  3518 | D:4      | Noticed an orc warrior
  3561 | D:4      | Killed an orc warrior
  3561 | D:4      | Reached XP level 5. HP: 28/28 MP: 8/21
  3873 | D:4      | Slain by WLBjork's ghost

Action                   |  1- 3 |  4- 6 || total
-------------------------+-------+-------++-------
Melee: Dagger            |     2 |     1 ||     3
 Cast: Magic Dart        |    91 |    78 ||   169
       Conjure Flame     |     3 |     9 ||    12
       Mephitic Cloud    |     1 |     2 ||     3
       Repel Missiles    |       |     1 ||     1
       Blink             |       |     1 ||     1
  Eat: Chunk             |     4 |     5 ||     9
